[ AOE2 MATCH · #484252124 ]
UnrankedGurjaras vs Spanish
[ REPLAY ANALYSIS · EXTRACTED FROM THE RECORDED GAME ]
Feudal
13:52
Castle
17:56
Imperial
40:53
| APM avg | 28.2 |
| APM peak | 53 |
| eAPM avg | 11.8 |
| Villagers / military | 77 / 39 |
Focus
⚔️ 18.5% · 🌾 81.5%
Chakram Thrower ×20 · Shrivamsha Rider ×12 · Fishing Ship ×4 · Petard ×3 · Camel Scout ×2 · Monk ×1
Feudal
13:08
Castle
18:42
Imperial
33:19
| APM avg | 16.4 |
| APM peak | 36 |
| eAPM avg | 12.7 |
| Villagers / military | 99 / 49 |
Focus
⚔️ 26.2% · 🌾 73.8%
Archer ×32 · Longbowman ×12 · Spearman ×2 · Transport Ship ×2 · Monk ×1
Feudal
12:17
Castle
17:16
Imperial
32:36
| APM avg | 36.9 |
| APM peak | 114 |
| eAPM avg | 19.7 |
| Villagers / military | 73 / 24 |
Focus
⚔️ 17.1% · 🌾 82.9%
Conquistador ×16 · Cannon Galleon ×7 · Fishing Ship ×5 · Transport Ship ×1
Feudal
11:29
Castle
17:37
Imperial
32:46
| APM avg | 19.8 |
| APM peak | 44 |
| eAPM avg | 12.3 |
| Villagers / military | 131 / 36 |
Focus
⚔️ 22.7% · 🌾 77.3%
Leitis ×27 · Transport Ship ×4 · Monk ×3 · Bombard Cannon ×2
Feudal
10:57
Castle
20:10
Imperial
—
| APM avg | 20.6 |
| APM peak | 63 |
| eAPM avg | 10.3 |
| Villagers / military | 90 / 44 |
Focus
⚔️ 21.5% · 🌾 78.5%
Spearman ×23 · Fishing Ship ×14 · Scout Cavalry ×10 · Monk ×5 · Trade Cog ×3 · Knight ×2
Feudal
—
Castle
—
Imperial
—
| APM avg | 10.6 |
| APM peak | 60 |
| eAPM avg | 4.7 |
| Villagers / military | 31 / 2 |
Focus
⚔️ 42.2% · 🌾 57.8%
Militia ×2
Feudal
13:39
Castle
23:09
Imperial
41:01
| APM avg | 24.5 |
| APM peak | 53 |
| eAPM avg | 18.4 |
| Villagers / military | 129 / 34 |
Focus
⚔️ 14.1% · 🌾 85.9%
Trade Cog ×62 · Turtle Ship ×25 · Fishing Ship ×24 · Galley ×4 · Monk ×3 · Transport Ship ×2
Feudal
13:11
Castle
19:42
Imperial
28:50
| APM avg | 22.6 |
| APM peak | 42 |
| eAPM avg | 11.4 |
| Villagers / military | 134 / 32 |
Focus
⚔️ 22.3% · 🌾 77.7%
Hand Cannoneer ×12 · Cannon Galleon ×9 · Fishing Ship ×8 · Fire Galley ×4 · Bombard Cannon ×3 · Transport Ship ×3
Match map
Initial resources + every placement click. Lines = walls · curves = elevation contours. ◆ gold · ⬟ stone · ● berries · ✦ relic · ◌ wall gap
Your base· ✓ Map-separated
S.O.A.D_BR's base· ✓ Map-separated
TwinkieTheKid21's base· ✓ Map-separated
KeFlakito's base· ✓ Map-separated
Bear_Pig_Man's base· ✓ Map-separated
yellow_goose's base· ✓ Map-separated
Predjama's base· ✓ Map-separated
n2844522's base· ✓ Closed at 19:42 · 0t walls · no gate
Smoothed initial terrain · ◌ = detected wall gap · hover for details
Inputs per minute
— Rasgacu - - S.O.A.D_BR
Build order — Rasgacu
First 150 of 197 actions detected
| 0:01 | Create | Villager (Male) |
| 0:01 | Create | Villager (Male) |
| 0:02 | Create | Villager (Male) |
| 0:02 | Create | Villager (Male) |
| 0:04 | Build | House |
| 0:08 | Build | House |
| 0:35 | Build | Mill |
| 1:42 | Create | Villager (Male) |
| 1:42 | Create | Villager (Male) |
| 2:03 | Create | Villager (Male) |
| 2:21 | Create | Villager (Male) |
| 2:42 | Create | Villager (Male) |
| 3:13 | Build | House |
| 3:46 | Create | Villager (Male) |
| 3:47 | Create | Villager (Male) |
| 3:57 | Create | Villager (Male) |
| 3:57 | Create | Villager (Male) |
| 3:58 | Create | Villager (Male) |
| 4:10 | Build | House |
| 4:46 | Create | Villager (Male) |
| 5:34 | Create | Villager (Male) |
| 5:53 | Create | Villager (Male) |
| 6:31 | Create | Villager (Male) |
| 6:31 | Create | Villager (Male) |
| 6:32 | Create | Villager (Male) |
| 6:47 | Build | Lumber Camp |
| 6:52 | Create | Villager (Male) |
| 6:53 | Create | Villager (Male) |
| 6:53 | Create | Villager (Male) |
| 7:02 | Create | Villager (Male) |
| 7:12 | Create | Villager (Male) |
| 7:13 | Create | Villager (Male) |
| 8:04 | Build | Dock |
| 8:13 | Create | Villager (Male) |
| 8:46 | Create | Fishing Ship |
| 9:15 | Build | Farm |
| 9:55 | Build | Dock |
| 10:01 | Create | Villager (Male) |
| 10:06 | Build | Farm |
| 10:08 | Build | Farm |
| 10:17 | Build | Farm |
| 10:36 | Build | House |
| 10:46 | Create | Fishing Ship |
| 11:05 | Research | Feudal Age |
| 11:08 | Research | Loom |
| 11:08 | Research | Feudal Age |
| 11:13 | Build | Mining Camp |
| 11:24 | Build | Farm |
| 11:33 | Build | House |
| 12:13 | Create | Fishing Ship |
| 12:13 | Create | Fishing Ship |
| 12:31 | Build | Mining Camp |
| 12:54 | Build | Lumber Camp |
| 13:52 | Age | Feudal Age |
| 14:01 | Research | Wheelbarrow |
| 14:06 | Build | Market |
| 14:17 | Build | Blacksmith |
| 15:16 | Research | Castle Age |
| 15:20 | Build | House |
| 15:26 | Build | House |
| 16:14 | Research | Double-Bit Axe |
| 16:16 | Research | Stone Mining |
| 16:20 | Research | Gold Mining |
| 16:45 | Create | Transport Ship |
| 17:06 | Create | Villager (Male) |
| 17:06 | Create | Villager (Male) |
| 17:56 | Age | Castle Age |
| 18:08 | Build | Town Center |
| 19:03 | Build | Town Center |
| 19:14 | Create | Villager (Male) |
| 20:04 | Create | Villager (Male) |
| 20:05 | Create | Villager (Male) |
| 20:05 | Create | Villager (Male) |
| 20:05 | Create | Villager (Male) |
| 20:06 | Create | Villager (Male) |
| 20:10 | Research | Hand Cart |
| 21:07 | Build | Castle |
| 21:18 | Build | Barracks |
| 21:29 | Create | Villager (Male) |
| 21:30 | Create | Villager (Male) |
| 21:48 | Create | Villager (Male) |
| 21:58 | Build | Farm |
| 21:59 | Build | Farm |
| 22:02 | Create | Villager (Male) |
| 22:02 | Create | Villager (Male) |
| 22:19 | Build | Stable |
| 23:13 | Create | Chakram Thrower ×5 |
| 23:17 | Create | Camel Scout |
| 23:26 | Create | Shrivamsha Rider |
| 23:26 | Create | Shrivamsha Rider |
| 23:49 | Create | Camel Scout |
| 23:58 | Create | Shrivamsha Rider |
| 24:12 | Build | Lumber Camp |
| 24:36 | Create | Petard |
| 24:36 | Create | Petard |
| 25:05 | Build | Castle |
| 25:10 | Create | Petard |
| 25:39 | Create | Shrivamsha Rider |
| 25:40 | Create | Shrivamsha Rider |
| 25:40 | Create | Shrivamsha Rider |
| 26:05 | Create | Chakram Thrower ×2 |
| 26:39 | Create | Shrivamsha Rider |
| 26:52 | Build | Mining Camp |
| 27:20 | Build | Castle |
| 28:24 | Create | Chakram Thrower ×5 |
| 29:20 | Create | Shrivamsha Rider ×5 |
| 29:24 | Create | Villager (Male) |
| 29:24 | Create | Villager (Male) |
| 30:25 | Research | Scale Barding Armor |
| 30:28 | Research | Forging |
| 31:09 | Research | Scale Mail Armor |
| 31:16 | Research | Scale Barding Armor |
| 31:30 | Create | Chakram Thrower ×2 |
| 32:27 | Create | Villager (Male) |
| 32:56 | Create | Villager (Male) |
| 32:56 | Create | Villager (Male) |
| 32:57 | Create | Villager (Male) |
| 32:57 | Create | Villager (Male) |
| 33:06 | Build | Farm |
| 33:06 | Build | Farm |
| 33:06 | Build | Farm |
| 33:06 | Build | Farm |
| 33:07 | Build | Farm |
| 33:07 | Build | Farm |
| 33:07 | Build | Farm |
| 33:11 | Build | Farm |
| 33:11 | Build | Farm |
| 33:11 | Build | Farm |
| 33:11 | Build | Farm |
| 33:12 | Build | Farm |
| 33:12 | Build | Farm |
| 33:12 | Build | Farm |
| 33:12 | Build | Farm |
| 33:20 | Build | Farm |
| 33:20 | Build | Farm |
| 33:20 | Build | Farm |
| 33:20 | Build | Farm |
| 33:21 | Build | Farm |
| 33:21 | Build | Farm |
| 33:21 | Build | Farm |
| 33:21 | Build | Farm |
| 33:21 | Build | Farm |
| 33:22 | Build | Farm |
| 33:27 | Create | Villager (Male) |
| 33:28 | Create | Villager (Male) |
| 33:28 | Create | Villager (Male) |
| 33:43 | Build | Town Center |
| 34:31 | Research | Iron Casting |
| 34:35 | Create | Chakram Thrower ×2 |
| 35:04 | Create | Villager (Male) |
Build order — S.O.A.D_BR
First 150 of 279 actions detected
| 0:02 | Create | Villager (Male) |
| 0:03 | Create | Villager (Male) |
| 0:03 | Create | Villager (Male) |
| 0:03 | Create | Villager (Male) |
| 0:06 | Build | House |
| 0:08 | Build | House |
| 1:21 | Create | Villager (Male) |
| 2:01 | Create | Villager (Male) |
| 2:02 | Create | Villager (Male) |
| 2:33 | Create | Villager (Male) |
| 2:33 | Create | Villager (Male) |
| 2:51 | Create | Villager (Male) |
| 3:05 | Create | Villager (Male) |
| 3:06 | Create | Villager (Male) |
| 3:16 | Create | Villager (Male) |
| 3:46 | Create | Villager (Male) |
| 3:46 | Create | Villager (Male) |
| 3:56 | Build | House |
| 3:59 | Build | House |
| 4:01 | Build | House |
| 4:11 | Build | Lumber Camp |
| 4:26 | Create | Villager (Male) |
| 4:27 | Create | Villager (Male) |
| 4:27 | Create | Villager (Male) |
| 4:39 | Create | Villager (Male) |
| 4:51 | Build | Palisade Wall |
| 4:56 | Create | Villager (Male) |
| 5:06 | Create | Villager (Male) |
| 5:06 | Create | Villager (Male) |
| 5:31 | Create | Villager (Male) |
| 5:57 | Create | Villager (Male) |
| 6:39 | Build | House |
| 6:43 | Build | House |
| 6:45 | Build | House |
| 6:49 | Create | Villager (Male) |
| 6:54 | Build | Palisade Wall |
| 7:02 | Build | Palisade Wall |
| 7:11 | Create | Villager (Male) |
| 7:12 | Create | Villager (Male) |
| 7:17 | Build | Mill |
| 7:46 | Create | Villager (Male) |
| 7:46 | Create | Villager (Male) |
| 7:50 | Build | House |
| 7:52 | Build | House |
| 8:10 | Create | Villager (Male) |
| 8:22 | Build | House |
| 8:25 | Build | House |
| 8:27 | Build | House |
| 8:39 | Create | Villager (Male) |
| 8:39 | Create | Villager (Male) |
| 8:51 | Build | House |
| 8:54 | Build | House |
| 9:03 | Build | House |
| 9:37 | Create | Villager (Male) |
| 9:39 | Create | Villager (Male) |
| 9:42 | Build | Mill |
| 10:21 | Build | Farm |
| 10:23 | Build | Farm |
| 10:24 | Build | Farm |
| 10:25 | Build | Farm |
| 10:26 | Build | Farm |
| 10:27 | Build | Farm |
| 10:29 | Build | Farm |
| 10:39 | Build | House |
| 10:41 | Build | House |
| 10:42 | Build | House |
| 10:58 | Research | Feudal Age |
| 11:10 | Build | House |
| 11:12 | Build | House |
| 11:14 | Build | House |
| 11:32 | Build | Barracks |
| 11:59 | Build | House |
| 12:03 | Build | House |
| 12:58 | Build | House |
| 13:02 | Build | House |
| 13:05 | Build | House |
| 13:08 | Age | Feudal Age |
| 13:14 | Build | Market |
| 13:16 | Create | Villager (Male) |
| 13:17 | Create | Villager (Male) |
| 13:17 | Create | Villager (Male) |
| 13:22 | Research | Double-Bit Axe |
| 13:58 | Build | Blacksmith |
| 14:11 | Create | Villager (Male) |
| 14:19 | Build | Farm |
| 14:34 | Build | Gate |
| 14:38 | Build | House |
| 14:40 | Build | House |
| 14:42 | Build | House |
| 14:50 | Build | Farm |
| 14:54 | Create | Villager (Male) |
| 14:54 | Create | Villager (Male) |
| 15:00 | Build | Farm |
| 15:11 | Build | Mining Camp |
| 16:02 | Research | Castle Age |
| 16:23 | Research | Stone Mining |
| 16:52 | Build | Lumber Camp |
| 18:20 | Build | Lumber Camp |
| 18:28 | Build | Palisade Gate |
| 18:42 | Age | Castle Age |
| 18:44 | Create | Villager (Male) |
| 18:44 | Create | Villager (Male) |
| 18:45 | Create | Villager (Male) |
| 19:02 | Build | Town Center |
| 19:08 | Create | Villager (Male) |
| 19:09 | Create | Villager (Male) |
| 19:20 | Build | Town Center |
| 19:34 | Create | Villager (Male) |
| 19:34 | Create | Villager (Male) |
| 19:48 | Build | Town Center |
| 20:08 | Create | Villager (Male) |
| 20:08 | Create | Villager (Male) |
| 20:08 | Create | Villager (Male) |
| 20:09 | Create | Villager (Male) |
| 20:18 | Research | Loom |
| 20:18 | Create | Villager (Male) |
| 20:18 | Create | Villager (Male) |
| 20:19 | Create | Villager (Male) |
| 20:20 | Create | Villager (Male) |
| 20:32 | Build | Lumber Camp |
| 20:42 | Build | Monastery |
| 20:48 | Create | Villager (Male) |
| 20:49 | Create | Villager (Male) |
| 20:49 | Create | Villager (Male) |
| 21:01 | Create | Villager (Male) |
| 21:02 | Create | Villager (Male) |
| 21:02 | Create | Villager (Male) |
| 21:10 | Build | Lumber Camp |
| 21:46 | Build | Barracks |
| 21:59 | Build | Palisade Wall |
| 22:01 | Build | Palisade Wall |
| 22:03 | Build | Palisade Wall |
| 22:21 | Build | Barracks |
| 22:25 | Create | Spearman |
| 22:25 | Create | Spearman |
| 22:33 | Build | Farm |
| 22:34 | Build | Farm |
| 22:35 | Build | Farm |
| 22:39 | Create | Villager (Male) |
| 22:39 | Create | Villager (Male) |
| 23:10 | Create | Villager (Male) |
| 23:10 | Create | Villager (Male) |
| 23:11 | Create | Villager (Male) |
| 23:27 | Create | Villager (Male) |
| 23:28 | Create | Villager (Male) |
| 23:28 | Create | Villager (Male) |
| 23:28 | Create | Villager (Male) |
| 23:44 | Build | Mining Camp |
| 23:55 | Build | Mining Camp |
| 24:06 | Create | Villager (Male) |
Build order — TwinkieTheKid21
First 150 of 181 actions detected
| 0:06 | Build | House |
| 0:07 | Build | House |
| 0:08 | Create | Villager (Male) |
| 0:08 | Create | Villager (Male) |
| 0:09 | Create | Villager (Male) |
| 0:09 | Create | Villager (Male) |
| 1:33 | Create | Villager (Male) |
| 1:59 | Build | Lumber Camp |
| 2:15 | Create | Villager (Male) |
| 2:21 | Create | Villager (Male) |
| 3:01 | Create | Villager (Male) |
| 3:26 | Create | Villager (Male) |
| 3:42 | Create | Villager (Male) |
| 4:26 | Build | House |
| 4:27 | Build | House |
| 4:30 | Build | Mill |
| 4:33 | Create | Villager (Male) |
| 4:33 | Create | Villager (Male) |
| 4:34 | Create | Villager (Male) |
| 5:26 | Create | Villager (Male) |
| 5:27 | Create | Villager (Male) |
| 6:03 | Create | Villager (Male) |
| 6:03 | Create | Villager (Male) |
| 6:04 | Create | Villager (Male) |
| 6:35 | Build | Farm |
| 6:43 | Build | Farm |
| 6:50 | Create | Villager (Male) |
| 6:50 | Create | Villager (Male) |
| 6:51 | Create | Villager (Male) |
| 7:13 | Build | Lumber Camp |
| 7:45 | Build | House |
| 7:46 | Build | House |
| 8:17 | Create | Villager (Male) |
| 8:18 | Create | Villager (Male) |
| 8:18 | Create | Villager (Male) |
| 9:24 | Build | Mining Camp |
| 9:46 | Build | Dock |
| 10:07 | Research | Feudal Age |
| 11:21 | Create | Fishing Ship |
| 11:44 | Build | Mill |
| 12:17 | Age | Feudal Age |
| 12:21 | Build | Blacksmith |
| 12:31 | Build | Market |
| 12:38 | Research | Double-Bit Axe |
| 13:36 | Create | Villager (Male) |
| 13:39 | Create | Villager (Male) |
| 13:40 | Research | Loom |
| 14:05 | Create | Villager (Male) |
| 14:11 | Research | Loom |
| 14:12 | Research | Castle Age |
| 14:13 | Create | Villager (Male) |
| 14:22 | Build | Mining Camp |
| 14:38 | Build | House |
| 14:38 | Build | House |
| 15:03 | Research | Horse Collar |
| 15:43 | Build | Farm |
| 15:43 | Build | Farm |
| 15:43 | Build | Farm |
| 15:44 | Build | Farm |
| 15:44 | Build | Farm |
| 16:03 | Create | Fishing Ship |
| 16:33 | Build | Farm |
| 16:46 | Research | Stone Mining |
| 16:57 | Create | Fishing Ship |
| 17:16 | Age | Castle Age |
| 17:23 | Build | Dock |
| 17:34 | Create | Villager (Male) |
| 17:38 | Research | Town Watch |
| 17:41 | Create | Villager (Male) |
| 17:45 | Research | Bow Saw |
| 18:54 | Create | Villager (Male) |
| 19:07 | Build | Town Center |
| 19:17 | Create | Villager (Male) |
| 19:19 | Research | Wheelbarrow |
| 19:32 | Build | Castle |
| 19:47 | Create | Fishing Ship |
| 19:49 | Create | Fishing Ship |
| 20:07 | Build | House |
| 20:08 | Build | House |
| 20:19 | Create | Villager (Male) |
| 20:20 | Create | Villager (Male) |
| 20:21 | Create | Villager (Male) |
| 20:23 | Create | Villager (Male) |
| 20:52 | Build | Dock |
| 20:58 | Create | Conquistador |
| 20:58 | Create | Conquistador |
| 21:00 | Build | Farm |
| 21:11 | Create | Villager (Male) |
| 21:17 | Build | Farm |
| 22:06 | Create | Transport Ship |
| 22:17 | Build | Town Center |
| 22:29 | Build | Farm |
| 23:00 | Create | Conquistador |
| 23:00 | Create | Conquistador |
| 23:46 | Create | Villager (Male) |
| 23:47 | Research | Hand Cart |
| 23:49 | Create | Villager (Male) |
| 23:49 | Create | Villager (Male) |
| 23:53 | Research | Padded Archer Armor |
| 24:03 | Build | Barracks |
| 24:20 | Build | University |
| 25:22 | Create | Conquistador |
| 25:22 | Create | Conquistador |
| 25:22 | Create | Conquistador |
| 25:24 | Create | Conquistador |
| 25:36 | Build | Farm |
| 25:36 | Build | Farm |
| 25:40 | Build | Farm |
| 25:49 | Create | Villager (Male) |
| 25:50 | Create | Villager (Male) |
| 25:50 | Create | Villager (Male) |
| 25:50 | Create | Villager (Male) |
| 25:50 | Create | Villager (Male) |
| 25:58 | Create | Villager (Male) |
| 25:58 | Create | Villager (Male) |
| 26:35 | Build | Stable |
| 29:25 | Create | Villager (Male) |
| 29:26 | Research | Imperial Age |
| 29:33 | Build | Farm |
| 29:34 | Build | Farm |
| 29:34 | Build | Farm |
| 29:58 | Build | Farm |
| 30:00 | Build | Farm |
| 30:04 | Build | Farm |
| 30:21 | Create | Conquistador |
| 30:21 | Create | Conquistador |
| 30:22 | Create | Conquistador |
| 32:36 | Age | Imperial Age |
| 32:54 | Research | Chemistry |
| 33:02 | Build | Dock |
| 33:06 | Research | Conscription |
| 33:12 | Create | Villager (Male) |
| 33:12 | Create | Villager (Male) |
| 33:13 | Create | Villager (Male) |
| 33:14 | Create | Villager (Male) |
| 33:19 | Create | Villager (Male) |
| 33:23 | Create | Villager (Male) |
| 33:23 | Create | Villager (Male) |
| 33:24 | Create | Villager (Male) |
| 33:24 | Create | Villager (Male) |
| 33:25 | Research | Two-Man Saw |
| 33:35 | Build | Mining Camp |
| 33:39 | Research | Gold Mining |
| 33:43 | Create | Conquistador |
| 33:44 | Create | Conquistador |
| 33:44 | Create | Conquistador |
| 33:57 | Build | Dock |
| 34:00 | Build | Mining Camp |
| 34:08 | Build | Farm |
| 34:12 | Research | Bloodlines |
Build order — KeFlakito
First 150 of 305 actions detected
| 0:01 | Create | Villager (Male) |
| 0:02 | Create | Villager (Male) |
| 0:02 | Create | Villager (Male) |
| 0:02 | Create | Villager (Male) |
| 0:04 | Build | House |
| 0:05 | Build | House |
| 0:10 | Create | Villager (Male) |
| 0:11 | Create | Villager (Male) |
| 1:17 | Create | Villager (Male) |
| 1:18 | Create | Villager (Male) |
| 1:41 | Research | Loom |
| 1:52 | Create | Villager (Male) |
| 2:22 | Create | Villager (Male) |
| 2:52 | Build | Lumber Camp |
| 2:56 | Create | Villager (Male) |
| 3:03 | Build | House |
| 3:06 | Build | House |
| 3:49 | Create | Villager (Male) |
| 4:11 | Create | Villager (Male) |
| 4:31 | Create | Villager (Male) |
| 5:09 | Create | Villager (Male) |
| 6:12 | Create | Villager (Male) |
| 6:21 | Build | Mill |
| 6:43 | Create | Villager (Male) |
| 6:50 | Create | Villager (Male) |
| 7:11 | Create | Villager (Male) |
| 7:37 | Create | Villager (Male) |
| 8:17 | Build | House |
| 8:20 | Build | Palisade Wall |
| 8:24 | Build | House |
| 8:28 | Build | Palisade Wall |
| 8:29 | Create | Villager (Male) |
| 8:29 | Create | Villager (Male) |
| 8:38 | Build | Farm |
| 8:43 | Build | Farm |
| 8:47 | Build | Farm |
| 9:15 | Research | Feudal Age |
| 9:56 | Create | Villager (Male) |
| 10:15 | Build | Palisade Wall |
| 10:21 | Build | Palisade Gate |
| 10:34 | Build | Farm |
| 10:37 | Build | Farm |
| 10:47 | Build | Farm |
| 11:05 | Create | Villager (Male) |
| 11:14 | Build | House |
| 11:20 | Build | Palisade Wall |
| 11:25 | Build | Palisade Wall |
| 11:29 | Age | Feudal Age |
| 11:31 | Build | Palisade Wall |
| 11:33 | Create | Villager (Male) |
| 11:54 | Build | Blacksmith |
| 12:04 | Build | Mining Camp |
| 12:27 | Create | Villager (Male) |
| 13:25 | Build | Market |
| 13:42 | Create | Villager (Male) |
| 13:42 | Create | Villager (Male) |
| 13:45 | Create | Villager (Male) |
| 13:52 | Build | Palisade Wall |
| 14:00 | Build | Farm |
| 14:02 | Build | Farm |
| 14:22 | Create | Villager (Male) |
| 14:33 | Research | Castle Age |
| 14:33 | Research | Castle Age |
| 14:33 | Research | Castle Age |
| 14:37 | Build | Mining Camp |
| 15:14 | Build | Palisade Gate |
| 15:29 | Build | House |
| 15:31 | Build | House |
| 15:32 | Build | House |
| 15:32 | Build | House |
| 15:37 | Build | House |
| 15:38 | Build | House |
| 15:40 | Build | House |
| 15:40 | Build | House |
| 15:41 | Build | House |
| 15:42 | Build | House |
| 16:32 | Build | Gate |
| 16:39 | Build | Stone Wall |
| 16:42 | Build | Stone Wall |
| 16:48 | Build | Stone Wall |
| 16:58 | Build | Stone Wall |
| 17:04 | Build | Stone Wall |
| 17:10 | Build | Stone Wall |
| 17:14 | Research | Double-Bit Axe |
| 17:20 | Create | Villager (Male) |
| 17:31 | Build | Gate |
| 17:37 | Age | Castle Age |
| 17:37 | Create | Villager (Male) |
| 17:38 | Create | Villager (Male) |
| 17:45 | Build | Town Center |
| 17:50 | Research | Bow Saw |
| 17:55 | Create | Villager (Male) |
| 17:55 | Create | Villager (Male) |
| 18:42 | Create | Villager (Male) |
| 18:42 | Create | Villager (Male) |
| 18:42 | Create | Villager (Male) |
| 18:42 | Create | Villager (Male) |
| 18:42 | Create | Villager (Male) |
| 18:42 | Create | Villager (Male) |
| 19:36 | Build | Castle |
| 19:39 | Build | Mining Camp |
| 19:42 | Create | Villager (Male) |
| 20:01 | Build | Mining Camp |
| 20:10 | Build | Lumber Camp |
| 20:19 | Create | Villager (Male) |
| 20:20 | Create | Villager (Male) |
| 20:24 | Build | Farm |
| 20:24 | Build | Farm |
| 20:38 | Build | Stone Wall |
| 20:45 | Create | Villager (Male) |
| 20:45 | Create | Villager (Male) |
| 20:52 | Build | House |
| 20:53 | Build | House |
| 20:54 | Build | House |
| 21:09 | Create | Villager (Male) |
| 21:11 | Create | Villager (Male) |
| 21:17 | Build | Farm |
| 21:20 | Build | Farm |
| 21:23 | Build | Farm |
| 21:25 | Build | Farm |
| 21:29 | Build | Farm |
| 21:32 | Build | Farm |
| 21:33 | Create | Villager (Male) |
| 21:33 | Create | Villager (Male) |
| 21:36 | Build | Farm |
| 21:42 | Create | Villager (Male) |
| 21:43 | Create | Villager (Male) |
| 22:08 | Build | Monastery |
| 22:11 | Create | Villager (Male) |
| 22:11 | Create | Villager (Male) |
| 22:31 | Create | Villager (Male) |
| 22:32 | Create | Villager (Male) |
| 22:32 | Create | Villager (Male) |
| 22:33 | Create | Villager (Male) |
| 22:44 | Create | Monk |
| 22:44 | Create | Monk |
| 22:46 | Create | Villager (Male) |
| 22:46 | Create | Villager (Male) |
| 22:47 | Create | Villager (Male) |
| 23:05 | Create | Villager (Male) |
| 23:07 | Create | Villager (Male) |
| 23:34 | Create | Leitis |
| 23:42 | Create | Villager (Male) |
| 23:42 | Create | Villager (Male) |
| 23:46 | Build | Farm |
| 23:49 | Build | Farm |
| 23:50 | Create | Villager (Male) |
| 23:50 | Create | Villager (Male) |
| 23:52 | Build | Farm |
| 23:53 | Create | Villager (Male) |
Build order — Bear_Pig_Man
First 150 of 181 actions detected
| 0:04 | Build | House |
| 0:07 | Build | House |
| 0:09 | Research | Loom |
| 0:10 | Create | Villager (Male) ×4 |
| 0:10 | Create | Villager (Male) ×4 |
| 1:53 | Create | Villager (Male) |
| 2:23 | Build | Lumber Camp |
| 2:27 | Create | Villager (Male) |
| 2:44 | Create | Villager (Male) |
| 3:09 | Create | Villager (Male) |
| 3:28 | Create | Villager (Male) |
| 4:02 | Build | House |
| 4:04 | Build | House |
| 4:11 | Create | Villager (Male) |
| 4:19 | Create | Villager (Male) |
| 4:48 | Build | Mill |
| 4:50 | Create | Villager (Male) |
| 5:25 | Create | Villager (Male) |
| 5:32 | Create | Villager (Male) |
| 6:05 | Create | Villager (Male) |
| 6:55 | Create | Villager (Male) |
| 6:55 | Create | Villager (Male) |
| 7:27 | Build | Lumber Camp |
| 8:41 | Build | Barracks |
| 8:47 | Research | Feudal Age |
| 9:08 | Build | Mill |
| 10:01 | Create | Villager (Male) |
| 10:01 | Create | Villager (Male) |
| 10:01 | Create | Villager (Male) |
| 10:01 | Create | Villager (Male) |
| 10:13 | Build | House |
| 10:14 | Build | House |
| 10:15 | Build | House |
| 10:27 | Build | Farm |
| 10:28 | Build | Farm |
| 10:42 | Build | Farm |
| 10:57 | Age | Feudal Age |
| 11:11 | Create | Villager (Male) |
| 11:11 | Create | Villager (Male) |
| 11:12 | Create | Villager (Male) |
| 11:18 | Research | Double-Bit Axe |
| 12:13 | Build | Mining Camp |
| 12:56 | Build | Dock |
| 13:18 | Create | Villager (Male) |
| 13:19 | Create | Villager (Male) |
| 13:31 | Build | Market |
| 13:56 | Build | Blacksmith |
| 14:11 | Create | Villager (Male) |
| 14:11 | Create | Villager (Male) |
| 14:16 | Create | Fishing Ship |
| 14:16 | Create | Fishing Ship |
| 14:49 | Build | Farm |
| 14:49 | Build | Farm |
| 14:58 | Build | Farm |
| 15:14 | Create | Villager (Male) |
| 15:14 | Create | Villager (Male) |
| 15:21 | Build | Farm |
| 15:22 | Build | Farm |
| 15:35 | Build | Stable |
| 15:51 | Create | Fishing Ship |
| 15:51 | Create | Fishing Ship |
| 15:51 | Create | Fishing Ship |
| 16:07 | Create | Villager (Male) |
| 16:07 | Create | Villager (Male) |
| 16:23 | Build | Stable |
| 16:43 | Build | House |
| 16:43 | Build | House |
| 16:44 | Build | House |
| 16:46 | Build | House |
| 16:55 | Build | Lumber Camp |
| 17:17 | Build | Dock |
| 17:25 | Build | Mining Camp |
| 17:30 | Research | Castle Age |
| 17:39 | Create | Fishing Ship |
| 17:40 | Create | Fishing Ship |
| 18:22 | Build | Dock |
| 18:29 | Create | Scout Cavalry ×3 |
| 19:04 | Create | Trade Cog |
| 19:05 | Create | Trade Cog |
| 19:05 | Create | Trade Cog |
| 19:12 | Create | Transport Ship |
| 19:23 | Create | Scout Cavalry ×3 |
| 19:23 | Create | Scout Cavalry ×3 |
| 19:50 | Create | Scout Cavalry |
| 19:58 | Create | Fishing Ship ×5 |
| 19:59 | Create | Fishing Ship |
| 19:59 | Create | Fishing Ship |
| 20:06 | Build | Farm |
| 20:10 | Age | Castle Age |
| 20:27 | Research | Horse Collar |
| 21:33 | Research | Forging |
| 21:34 | Research | Scale Barding Armor |
| 21:46 | Create | Knight ×2 |
| 22:07 | Create | Villager (Male) |
| 22:16 | Build | Town Center |
| 22:39 | Build | Stone Wall |
| 22:53 | Build | Stone Wall |
| 23:11 | Create | Villager (Male) |
| 23:12 | Create | Villager (Male) |
| 23:12 | Create | Villager (Male) |
| 23:12 | Create | Villager (Male) |
| 23:30 | Build | Siege Workshop |
| 23:31 | Build | Siege Workshop |
| 23:34 | Build | Siege Workshop |
| 24:22 | Build | Barracks |
| 24:23 | Build | Barracks |
| 24:23 | Build | Barracks |
| 24:25 | Build | Barracks |
| 24:35 | Create | Scorpion ×2 |
| 25:04 | Build | Lumber Camp |
| 25:39 | Research | Bloodlines |
| 25:39 | Research | Husbandry |
| 26:15 | Create | Spearman ×5 |
| 26:15 | Create | Spearman ×5 |
| 26:15 | Create | Spearman ×5 |
| 26:56 | Build | Monastery |
| 28:13 | Create | Villager (Male) ×5 |
| 28:13 | Create | Villager (Male) ×5 |
| 28:13 | Create | Villager (Male) |
| 28:28 | Create | Villager (Male) |
| 28:28 | Create | Villager (Male) |
| 29:18 | Create | Spearman ×4 |
| 29:18 | Create | Spearman ×4 |
| 29:25 | Build | House |
| 29:25 | Build | House |
| 29:25 | Build | House |
| 29:25 | Build | House |
| 29:26 | Build | House |
| 29:32 | Build | Farm |
| 29:32 | Build | Farm |
| 29:33 | Build | Farm |
| 29:33 | Build | Farm |
| 29:33 | Build | Farm |
| 29:33 | Build | Farm |
| 29:33 | Build | Farm |
| 29:34 | Build | Farm |
| 29:39 | Create | Monk |
| 29:40 | Create | Monk |
| 29:40 | Create | Monk |
| 30:11 | Build | Siege Workshop |
| 30:11 | Build | Siege Workshop |
| 30:12 | Build | Siege Workshop |
| 30:17 | Build | Lumber Camp |
| 31:29 | Build | Castle |
| 32:19 | Create | Transport Ship |
| 33:08 | Build | Castle |
| 33:21 | Create | Monk |
| 33:22 | Create | Monk |
| 34:01 | Build | Mining Camp |
| 34:56 | Create | Villager (Male) |
Build order — yellow_goose
55 actions detected in the replay
| 0:28 | Create | Villager (Male) |
| 0:30 | Create | Villager (Male) |
| 0:30 | Create | Villager (Male) |
| 0:30 | Create | Villager (Male) |
| 0:34 | Build | House |
| 0:35 | Build | House |
| 1:51 | Create | Villager (Male) |
| 2:22 | Build | Lumber Camp |
| 2:29 | Create | Villager (Male) |
| 2:45 | Create | Villager (Male) |
| 2:46 | Create | Villager (Male) |
| 3:07 | Create | Villager (Male) |
| 3:07 | Create | Villager (Male) |
| 3:36 | Create | Villager (Male) |
| 3:36 | Create | Villager (Male) |
| 3:38 | Build | House |
| 3:59 | Create | Villager (Male) |
| 4:24 | Create | Villager (Male) |
| 4:32 | Build | House |
| 4:54 | Create | Villager (Male) |
| 5:14 | Build | Barracks |
| 5:19 | Create | Villager (Male) |
| 5:21 | Create | Villager (Male) |
| 5:40 | Build | House |
| 6:10 | Create | Villager (Male) |
| 6:10 | Create | Villager (Male) |
| 6:32 | Build | House |
| 6:53 | Create | Villager (Male) |
| 6:53 | Create | Villager (Male) |
| 6:54 | Create | Villager (Male) |
| 7:17 | Build | Palisade Wall |
| 7:21 | Create | Militia |
| 7:33 | Build | Mill |
| 7:40 | Build | House |
| 7:42 | Build | Palisade Wall |
| 7:48 | Create | Villager (Male) |
| 7:49 | Create | Militia |
| 8:07 | Create | Villager (Male) |
| 8:30 | Build | Palisade Wall |
| 8:31 | Build | Palisade Wall |
| 8:34 | Build | Palisade Wall |
| 8:40 | Create | Villager (Male) |
| 8:41 | Create | Villager (Male) |
| 8:56 | Create | Villager (Male) |
| 9:03 | Build | Mining Camp |
| 9:09 | Build | Palisade Wall |
| 9:11 | Build | Palisade Wall |
| 9:16 | Build | Palisade Wall |
| 9:18 | Create | Villager (Male) |
| 9:23 | Build | Palisade Wall |
| 9:27 | Build | House |
| 9:29 | Build | Palisade Wall |
| 9:32 | Create | Villager (Male) |
| 9:36 | Create | Villager (Male) |
| 9:39 | Create | Villager (Male) |
Build order — Predjama
First 150 of 302 actions detected
| 0:11 | Build | House |
| 0:12 | Build | House |
| 0:14 | Create | Villager (Male) ×4 |
| 0:15 | Research | Loom |
| 1:59 | Build | Lumber Camp |
| 2:10 | Build | House |
| 2:15 | Build | House |
| 2:19 | Create | Villager (Male) |
| 2:20 | Create | Villager (Male) |
| 2:20 | Create | Villager (Male) |
| 2:29 | Create | Villager (Male) |
| 2:30 | Create | Villager (Male) |
| 2:57 | Create | Villager (Male) |
| 3:21 | Create | Villager (Male) |
| 3:21 | Create | Villager (Male) |
| 3:32 | Build | Palisade Wall |
| 4:06 | Create | Villager (Male) |
| 4:06 | Create | Villager (Male) |
| 4:07 | Create | Villager (Male) |
| 4:37 | Build | Palisade Wall |
| 5:00 | Create | Villager (Male) |
| 5:01 | Create | Villager (Male) |
| 5:01 | Create | Villager (Male) |
| 5:01 | Create | Villager (Male) |
| 5:14 | Build | Palisade Wall |
| 5:54 | Build | Palisade Wall |
| 6:00 | Build | Palisade Wall |
| 6:06 | Create | Villager (Male) |
| 6:07 | Create | Villager (Male) |
| 6:07 | Create | Villager (Male) |
| 6:07 | Create | Villager (Male) |
| 6:34 | Build | Palisade Wall |
| 6:37 | Build | Palisade Gate |
| 6:54 | Create | Villager (Male) |
| 6:54 | Create | Villager (Male) |
| 6:55 | Create | Villager (Male) |
| 7:14 | Build | House |
| 7:16 | Build | House |
| 7:18 | Create | Villager (Male) |
| 7:51 | Build | Palisade Wall |
| 8:36 | Create | Villager (Male) |
| 8:36 | Create | Villager (Male) |
| 8:37 | Create | Villager (Male) |
| 8:47 | Build | Palisade Wall |
| 8:50 | Build | Palisade Wall |
| 9:00 | Build | Outpost |
| 9:08 | Build | Outpost |
| 9:11 | Build | Outpost |
| 9:25 | Build | House |
| 9:27 | Build | House |
| 9:28 | Build | Lumber Camp |
| 9:38 | Build | Mill |
| 9:53 | Create | Villager (Male) |
| 10:09 | Build | Outpost |
| 10:12 | Build | Outpost |
| 10:24 | Build | Mining Camp |
| 11:02 | Build | Dock |
| 11:03 | Create | Villager (Male) |
| 11:25 | Research | Feudal Age |
| 11:40 | Create | Fishing Ship |
| 11:41 | Create | Fishing Ship |
| 11:44 | Create | Fishing Ship |
| 11:44 | Create | Fishing Ship |
| 11:58 | Build | Farm |
| 12:01 | Build | Farm |
| 12:19 | Create | Fishing Ship |
| 12:20 | Create | Fishing Ship ×2 |
| 12:37 | Build | Lumber Camp |
| 13:04 | Build | Farm |
| 13:27 | Create | Fishing Ship |
| 13:36 | Create | Villager (Male) |
| 13:37 | Create | Villager (Male) |
| 13:37 | Create | Villager (Male) |
| 13:39 | Age | Feudal Age |
| 13:48 | Build | Watch Tower |
| 14:13 | Create | Villager (Male) |
| 14:13 | Create | Villager (Male) |
| 14:17 | Build | Farm |
| 14:20 | Build | Farm |
| 14:22 | Build | Farm |
| 14:23 | Build | Farm |
| 14:36 | Build | Farm |
| 14:43 | Build | Farm |
| 14:55 | Create | Villager (Male) |
| 14:55 | Create | Villager (Male) |
| 14:58 | Build | Mining Camp |
| 15:07 | Create | Villager (Male) |
| 15:18 | Build | Farm |
| 15:28 | Create | Fishing Ship |
| 15:29 | Create | Fishing Ship |
| 15:42 | Create | Villager (Male) |
| 15:43 | Create | Villager (Male) |
| 15:43 | Create | Villager (Male) |
| 15:43 | Create | Villager (Male) |
| 15:55 | Create | Fishing Ship |
| 15:55 | Create | Fishing Ship |
| 16:05 | Build | Mill |
| 16:19 | Build | Farm |
| 16:26 | Research | Double-Bit Axe |
| 16:43 | Create | Villager (Male) |
| 16:43 | Create | Villager (Male) |
| 16:44 | Create | Villager (Male) |
| 16:47 | Create | Galley ×2 |
| 16:47 | Create | Galley ×2 |
| 16:52 | Create | Fishing Ship |
| 16:52 | Create | Fishing Ship |
| 17:04 | Build | House |
| 17:15 | Build | House |
| 17:17 | Build | House |
| 17:20 | Build | House |
| 17:21 | Build | House |
| 17:22 | Build | House |
| 17:29 | Build | House |
| 17:30 | Build | House |
| 17:30 | Build | House |
| 17:31 | Build | House |
| 17:32 | Build | House |
| 17:39 | Build | House |
| 17:40 | Build | House |
| 17:41 | Build | House |
| 17:44 | Create | Villager (Male) |
| 17:51 | Create | Fishing Ship |
| 17:51 | Create | Fishing Ship |
| 18:06 | Research | Wheelbarrow |
| 18:31 | Build | Blacksmith |
| 18:47 | Create | Fishing Ship |
| 19:04 | Build | Market |
| 19:11 | Create | Villager (Male) |
| 19:12 | Create | Villager (Male) |
| 19:12 | Create | Villager (Male) |
| 19:19 | Create | Fishing Ship |
| 19:19 | Create | Fishing Ship |
| 20:19 | Build | Mining Camp |
| 20:21 | Research | Castle Age |
| 20:37 | Create | Transport Ship |
| 20:38 | Create | Transport Ship |
| 20:50 | Build | Watch Tower |
| 21:15 | Build | Dock |
| 22:02 | Build | Dock |
| 22:05 | Build | Dock |
| 22:31 | Build | House |
| 22:32 | Build | House |
| 22:33 | Build | House |
| 22:36 | Research | Fletching |
| 23:09 | Age | Castle Age |
| 23:09 | Create | Trade Cog ×4 |
| 23:10 | Create | Trade Cog ×4 |
| 23:25 | Build | Town Center |
| 23:50 | Build | Watch Tower |
| 23:57 | Build | Watch Tower |
Build order — n2844522
First 150 of 293 actions detected
| 1:09 | Create | Villager (Male) |
| 1:11 | Build | House |
| 1:14 | Build | House |
| 1:20 | Create | Villager (Male) |
| 1:21 | Create | Villager (Male) |
| 1:24 | Create | Villager (Male) |
| 2:32 | Create | Villager (Male) |
| 2:33 | Create | Villager (Male) |
| 3:09 | Create | Villager (Male) |
| 3:09 | Create | Villager (Male) |
| 3:24 | Create | Villager (Male) |
| 3:25 | Create | Villager (Male) |
| 4:00 | Build | House |
| 4:01 | Build | House |
| 4:02 | Create | Villager (Male) |
| 4:02 | Create | Villager (Male) |
| 4:02 | Create | Villager (Male) |
| 4:03 | Create | Villager (Male) |
| 4:19 | Build | Lumber Camp |
| 4:54 | Create | Villager (Male) |
| 4:54 | Create | Villager (Male) |
| 5:07 | Create | Villager (Male) |
| 5:07 | Create | Villager (Male) |
| 5:08 | Create | Villager (Male) |
| 5:24 | Create | Villager (Male) |
| 5:24 | Create | Villager (Male) |
| 5:49 | Build | House |
| 5:56 | Create | Villager (Male) |
| 5:56 | Create | Villager (Male) |
| 5:56 | Create | Villager (Male) |
| 5:58 | Create | Villager (Male) |
| 5:59 | Create | Villager (Male) |
| 6:52 | Create | Villager (Male) |
| 6:52 | Create | Villager (Male) |
| 6:52 | Create | Villager (Male) |
| 6:52 | Create | Villager (Male) |
| 7:12 | Create | Villager (Male) |
| 7:12 | Create | Villager (Male) |
| 7:13 | Create | Villager (Male) |
| 7:33 | Create | Villager (Male) |
| 7:33 | Create | Villager (Male) |
| 7:49 | Build | Mill |
| 7:54 | Create | Villager (Male) |
| 7:54 | Create | Villager (Male) |
| 7:55 | Create | Villager (Male) |
| 8:13 | Research | Loom |
| 9:32 | Build | Farm |
| 9:34 | Build | Farm |
| 9:35 | Build | Farm |
| 9:37 | Build | Farm |
| 9:38 | Build | Farm |
| 9:39 | Build | Farm |
| 9:44 | Create | Villager (Male) |
| 9:45 | Create | Villager (Male) |
| 9:47 | Create | Villager (Male) |
| 9:47 | Create | Villager (Male) |
| 10:02 | Create | Villager (Male) |
| 10:27 | Build | Mining Camp |
| 11:01 | Research | Feudal Age |
| 11:01 | Research | Feudal Age |
| 11:20 | Build | Farm |
| 11:22 | Build | Farm |
| 11:29 | Create | Villager (Male) |
| 11:29 | Create | Villager (Male) |
| 11:29 | Create | Villager (Male) |
| 13:11 | Age | Feudal Age |
| 13:31 | Create | Villager (Male) |
| 13:31 | Create | Villager (Male) |
| 13:41 | Build | Market |
| 13:48 | Build | Blacksmith |
| 13:50 | Create | Villager (Male) |
| 13:57 | Build | House |
| 14:25 | Build | Farm |
| 14:26 | Build | Farm |
| 14:31 | Create | Villager (Male) |
| 15:23 | Create | Villager (Male) |
| 15:44 | Create | Villager (Male) |
| 15:44 | Create | Villager (Male) |
| 15:44 | Create | Villager (Male) |
| 16:21 | Build | Barracks |
| 16:27 | Build | House |
| 16:28 | Build | House |
| 16:29 | Build | House |
| 16:30 | Build | House |
| 16:53 | Build | Dock |
| 17:02 | Research | Castle Age |
| 17:37 | Build | Farm |
| 17:39 | Build | Farm |
| 17:40 | Build | Farm |
| 17:45 | Build | Farm |
| 17:48 | Create | Villager (Male) |
| 17:48 | Create | Villager (Male) |
| 18:02 | Build | Watch Tower |
| 18:04 | Create | Villager (Male) |
| 18:08 | Create | Fire Galley |
| 18:38 | Research | Fletching |
| 18:39 | Research | Padded Archer Armor |
| 18:47 | Research | Double-Bit Axe |
| 19:39 | Create | Transport Ship |
| 19:39 | Create | Transport Ship |
| 19:40 | Create | Transport Ship |
| 19:42 | Age | Castle Age |
| 19:42 | Create | Villager (Male) |
| 19:43 | Create | Villager (Male) |
| 19:43 | Create | Villager (Male) |
| 19:43 | Create | Villager (Male) |
| 20:03 | Build | House |
| 20:05 | Build | House |
| 20:05 | Create | Villager (Male) |
| 20:05 | Create | Villager (Male) |
| 20:06 | Create | Villager (Male) |
| 20:26 | Create | Villager (Male) |
| 20:41 | Create | Villager (Male) |
| 21:12 | Create | Demolition Raft |
| 21:17 | Create | Fishing Ship |
| 21:26 | Build | House |
| 21:31 | Create | Villager (Male) |
| 21:31 | Create | Villager (Male) |
| 22:12 | Build | Town Center |
| 22:18 | Create | Villager (Male) |
| 22:51 | Create | Fishing Ship |
| 22:51 | Create | Fishing Ship |
| 22:56 | Create | Villager (Male) |
| 23:10 | Build | Castle |
| 23:24 | Create | Villager (Male) |
| 23:53 | Research | Horse Collar |
| 23:56 | Create | Villager (Male) |
| 23:56 | Create | Villager (Male) |
| 23:56 | Create | Villager (Male) |
| 24:02 | Build | Farm |
| 24:06 | Create | Villager (Male) |
| 24:07 | Create | Villager (Male) |
| 24:14 | Create | Fishing Ship |
| 24:14 | Create | Fishing Ship |
| 24:14 | Create | Fishing Ship |
| 24:37 | Build | Farm |
| 25:04 | Create | Villager (Male) |
| 25:04 | Create | Villager (Male) |
| 25:05 | Create | Villager (Male) |
| 25:06 | Create | Villager (Male) |
| 25:21 | Build | Dock |
| 25:27 | Create | Villager (Male) |
| 25:40 | Research | Imperial Age |
| 25:47 | Create | Fishing Ship |
| 25:47 | Create | Fishing Ship |
| 25:52 | Create | Villager (Male) |
| 25:57 | Build | House |
| 25:58 | Build | House |
| 26:38 | Create | Villager (Male) |
| 26:48 | Create | Villager (Male) |
Match timeline
| 3:32 | Predjama · wall_segment Palisade Wall x7 |
| 4:37 | Predjama · wall_segment Palisade Wall x9 |
| 4:51 | S.O.A.D_BR · wall_segment Palisade Wall x7 |
| 5:14 | yellow_goose · first_building Barracks |
| 5:14 | Predjama · wall_segment Palisade Wall x7 |
| 5:54 | Predjama · wall_segment Palisade Wall x3 |
| 6:00 | Predjama · wall_segment Palisade Wall x4 |
| 6:34 | Predjama · wall_segment Palisade Wall x8 |
| 6:54 | S.O.A.D_BR · wall_segment Palisade Wall x2 |
| 7:02 | S.O.A.D_BR · wall_segment Palisade Wall x18 |
| 7:17 | yellow_goose · wall_segment Palisade Wall x3 |
| 7:42 | yellow_goose · wall_segment Palisade Wall x14 |
| 7:51 | Predjama · wall_segment Palisade Wall x13 |
| 8:04 | Rasgacu · first_building Dock |
| 8:20 | KeFlakito · wall_segment Palisade Wall x8 |
| 8:28 | KeFlakito · wall_segment Palisade Wall x9 |
| 8:30 | yellow_goose · wall_segment Palisade Wall x1 |
| 8:31 | yellow_goose · wall_segment Palisade Wall x1 |
| 8:34 | yellow_goose · wall_segment Palisade Wall x1 |
| 8:41 | Bear_Pig_Man · first_building Barracks |
| 8:47 | Predjama · wall_segment Palisade Wall x6 |
| 8:50 | Predjama · wall_segment Palisade Wall x11 |
| 9:09 | yellow_goose · wall_segment Palisade Wall x3 |
| 9:11 | yellow_goose · wall_segment Palisade Wall x4 |
| 9:16 | yellow_goose · wall_segment Palisade Wall x4 |
| 9:23 | yellow_goose · wall_segment Palisade Wall x10 |
| 9:29 | yellow_goose · wall_segment Palisade Wall x8 |
| 9:42 | yellow_goose · resign |
| 9:46 | TwinkieTheKid21 · first_building Dock |
| 10:15 | KeFlakito · wall_segment Palisade Wall x15 |
| 10:57 | Bear_Pig_Man · age_up feudal |
| 11:02 | Predjama · first_building Dock |
| 11:20 | KeFlakito · wall_segment Palisade Wall x15 |
| 11:25 | KeFlakito · wall_segment Palisade Wall x6 |
| 11:29 | KeFlakito · age_up feudal |
| 11:31 | KeFlakito · wall_segment Palisade Wall x8 |
| 11:32 | S.O.A.D_BR · first_building Barracks |
| 12:17 | TwinkieTheKid21 · age_up feudal |
| 12:56 | Bear_Pig_Man · first_building Dock |
| 13:08 | S.O.A.D_BR · age_up feudal |
| 13:11 | n2844522 · age_up feudal |
| 13:39 | Predjama · age_up feudal |
| 13:52 | Rasgacu · age_up feudal |
| 13:52 | KeFlakito · wall_segment Palisade Wall x1 |
| 15:24 | S.O.A.D_BR · first_market_sell 100 food |
| 15:35 | Bear_Pig_Man · first_building Stable |
| 16:21 | n2844522 · first_building Barracks |
| 16:39 | KeFlakito · wall_segment Stone Wall x3 |
| 16:42 | KeFlakito · wall_segment Stone Wall x2 |
| 16:48 | KeFlakito · wall_segment Stone Wall x8 |
| 16:53 | n2844522 · first_building Dock |
| 16:58 | KeFlakito · wall_segment Stone Wall x17 |
| 17:04 | KeFlakito · wall_segment Stone Wall x9 |
| 17:10 | KeFlakito · wall_segment Stone Wall x14 |
| 17:16 | TwinkieTheKid21 · age_up castle |
| 17:37 | KeFlakito · age_up castle |
| 17:56 | Rasgacu · age_up castle |
| 18:42 | S.O.A.D_BR · age_up castle |
| 19:12 | Rasgacu · first_market_buy 100 stone |
| 19:32 | TwinkieTheKid21 · first_building Castle |
| 19:36 | KeFlakito · first_building Castle |
| 19:42 | n2844522 · age_up castle |
| 20:10 | Bear_Pig_Man · age_up castle |
| 20:38 | KeFlakito · wall_segment Stone Wall x3 |
| 20:42 | S.O.A.D_BR · first_building Monastery |
| 21:07 | Rasgacu · first_building Castle |
| 21:18 | Rasgacu · first_building Barracks |
| 21:59 | S.O.A.D_BR · wall_segment Palisade Wall x1 |
| 22:01 | S.O.A.D_BR · wall_segment Palisade Wall x1 |
| 22:03 | n2844522 · first_market_buy 100 wood |
| 22:03 | S.O.A.D_BR · wall_segment Palisade Wall x1 |
| 22:08 | KeFlakito · first_building Monastery |
| 22:19 | Rasgacu · first_building Stable |
| 22:39 | Bear_Pig_Man · wall_segment Stone Wall x22 |
| 22:53 | Bear_Pig_Man · wall_segment Stone Wall x13 |
| 23:09 | Predjama · age_up castle |
| 23:10 | n2844522 · first_building Castle |
| 23:30 | Bear_Pig_Man · first_building Siege Workshop |
| 24:03 | TwinkieTheKid21 · first_building Barracks |
| 25:20 | Predjama · first_building Monastery |
| 25:21 | S.O.A.D_BR · first_building Archery Range |
| 25:53 | Predjama · first_market_buy 100 wood |
| 26:35 | S.O.A.D_BR · first_building Castle |
| 26:35 | TwinkieTheKid21 · first_building Stable |
| 26:56 | Bear_Pig_Man · first_building Monastery |
| 26:58 | S.O.A.D_BR · tribute_sent a jugador 2 |
| 26:58 | S.O.A.D_BR · tribute_sent a jugador 3 |
| 26:58 | S.O.A.D_BR · tribute_sent a jugador 4 |
| 26:58 | S.O.A.D_BR · tribute_sent a jugador 5 |
| 26:58 | S.O.A.D_BR · tribute_sent a jugador 6 |
| 26:58 | S.O.A.D_BR · tribute_sent a jugador 7 |
| 26:58 | S.O.A.D_BR · tribute_sent a jugador 8 |
| 27:11 | n2844522 · first_building Archery Range |
| 27:41 | S.O.A.D_BR · first_building Dock |
| 27:56 | KeFlakito · first_building Dock |
| 28:41 | S.O.A.D_BR · tribute_sent a jugador 2 |
| 28:41 | S.O.A.D_BR · tribute_sent a jugador 3 |
| 28:41 | S.O.A.D_BR · tribute_sent a jugador 4 |
| 28:41 | S.O.A.D_BR · tribute_sent a jugador 5 |
| 28:41 | S.O.A.D_BR · tribute_sent a jugador 6 |
| 28:41 | S.O.A.D_BR · tribute_sent a jugador 7 |
| 28:41 | S.O.A.D_BR · tribute_sent a jugador 8 |
| 28:50 | n2844522 · age_up imperial |
| 29:54 | S.O.A.D_BR · tribute_sent a jugador 2 |
| 29:54 | S.O.A.D_BR · tribute_sent a jugador 3 |
| 29:54 | S.O.A.D_BR · tribute_sent a jugador 4 |
| 29:54 | S.O.A.D_BR · tribute_sent a jugador 5 |
| 29:54 | S.O.A.D_BR · tribute_sent a jugador 6 |
| 29:54 | S.O.A.D_BR · tribute_sent a jugador 7 |
| 29:54 | S.O.A.D_BR · tribute_sent a jugador 8 |
| 30:32 | TwinkieTheKid21 · tribute_sent a jugador 1 |
| 30:32 | TwinkieTheKid21 · tribute_sent a jugador 3 |
| 30:32 | TwinkieTheKid21 · tribute_sent a jugador 4 |
| 30:32 | TwinkieTheKid21 · tribute_sent a jugador 5 |
| 30:32 | TwinkieTheKid21 · tribute_sent a jugador 6 |
| 30:32 | TwinkieTheKid21 · tribute_sent a jugador 7 |
| 30:32 | TwinkieTheKid21 · tribute_sent a jugador 8 |
| 31:29 | Bear_Pig_Man · first_building Castle |
| 32:36 | TwinkieTheKid21 · age_up imperial |
| 32:46 | KeFlakito · age_up imperial |
| 33:19 | S.O.A.D_BR · age_up imperial |
| 34:10 | n2844522 · first_building Siege Workshop |
| 34:49 | TwinkieTheKid21 · first_market_sell 100 food |
| 35:30 | Predjama · first_building Castle |
| 36:53 | KeFlakito · first_building Siege Workshop |
| 37:41 | Rasgacu · first_building Monastery |
| 40:50 | S.O.A.D_BR · tribute_sent a jugador 2 |
| 40:50 | S.O.A.D_BR · tribute_sent a jugador 3 |
| 40:50 | S.O.A.D_BR · tribute_sent a jugador 4 |
| 40:50 | S.O.A.D_BR · tribute_sent a jugador 5 |
| 40:50 | S.O.A.D_BR · tribute_sent a jugador 6 |
| 40:50 | S.O.A.D_BR · tribute_sent a jugador 7 |
| 40:50 | S.O.A.D_BR · tribute_sent a jugador 8 |
| 40:53 | Rasgacu · age_up imperial |
| 41:01 | Predjama · age_up imperial |
| 41:04 | n2844522 · first_building Monastery |
| 41:38 | S.O.A.D_BR · first_building Siege Workshop |
| 43:01 | Predjama · tribute_sent a jugador 1 |
| 43:01 | Predjama · tribute_sent a jugador 2 |
| 43:01 | Predjama · tribute_sent a jugador 3 |
| 43:01 | Predjama · tribute_sent a jugador 4 |
| 43:01 | Predjama · tribute_sent a jugador 5 |
| 43:01 | Predjama · tribute_sent a jugador 7 |
| 43:01 | Predjama · tribute_sent a jugador 8 |
[ AI ANALYSIS · 1 CREDIT ]
What really happened in this match?
Wolo.gg analyzes every decision: build order, eco, micro, common mistakes by bracket. Personalized analysis on WhatsApp or Discord in 30 seconds.
Civ guide
Gurjaras
Perfil
Jugador #11344834